 Dungeon Crawl Stone Soup version 0.22-a0-515-g75794bf (webtiles) character file.

46 inc the Chiller (level 3, -1/21 HPs)
             Began as an Octopode Ice Elementalist on June 19, 2018.
             Slain by a quokka (3 damage)
             ... on level 2 of the Dungeon.
             The game lasted 00:01:32 (1262 turns).

inc the Chiller (Octopode Ice Elementalist)         Turns: 1262, Time: 00:01:32

Health: -1/21      AC:  1    Str:  7    XL:     3   Next: 68%
Magic:  1/6        EV: 13    Int: 18    God:
Gold:   6          SH:  0    Dex: 12    Spells: 5/6 levels left

rFire    . . .     SeeInvis .   (no weapon)
rCold    . . .     Gourm    .   (no shield)
rNeg     . . .     Faith    .   (helmet restricted)
rPois    .         Spirit   .   (no amulet)
rElec    .         Reflect  .   (no ring)
rCorr    .         Harm     .   (no ring)
MR       .....                  (no ring)
Stlth    +++.......             (no ring)
HPRegen  0.07/turn              (no ring)
MPRegen  0.10/turn              (no ring)
                                (no ring)
                                (no ring)

@: no status effects
A: almost no armour, stealthy swim, amphibious, 8 rings, constrict 8, camouflage
1, gelatinous body 1
a: no special abilities


You were on level 2 of the Dungeon.
You were not hungry.

You visited 1 branch of the dungeon, and saw 2 of its levels.

You collected 6 gold pieces.

Inventory:

Scrolls
 a - a scroll of identify {unknown}
 d - a scroll of remove curse {unknown}
 e - a scroll of magic mapping {unknown}
Potions
 c - 2 potions of cancellation {unknown}
 f - a potion of brilliance {unknown}
 g - a potion of heal wounds {unknown}
Comestibles
 b - 2 rations


   Skills:
 - Level 2.0 Dodging
 - Level 2.6 Stealth
 - Level 2.0 Spellcasting
   Level 1.0 Conjurations
 + Level 4.5 Ice Magic


You had 5 spell levels left.
You knew the following spells:

 Your Spells              Type           Power        Failure   Level  Hunger
a - Freeze                Ice            ###.         2%          1    #......

Your spell library contained the following spells:

 Spells                   Type           Power        Failure   Level  Hunger
 Throw Frost              Conj/Ice       ##....       9%          2    ###....
 Summon Ice Beast         Ice/Summ       ##......     56%         4    #####..
 Ozocubu's Armour         Chrm/Ice       ##......     22%         3    ###....
 Throw Icicle             Conj/Ice       ##......     50%         4    #####..


Dungeon Overview and Level Annotations

Branches:
Dungeon (2/15)

Altars:


Innate Abilities, Weirdness & Mutations

You cannot wear most types of armour.
You are very stealthy in the water. (Stealth+)
You are amphibious.
You can wear up to eight rings at the same time.
You can use your tentacles to constrict eight enemies at once.
Your skin changes colour to match your surroundings (Stealth+).
Your rubbery body absorbs attacks. (AC +1, EV +1)


Message History

You tentacle-slap the quokka but do no damage.
Your grab misses the quokka. The bat closely misses you. The quokka bites you.
You miss the quokka. You grab the quokka. Your squeeze misses the quokka.
You constrict the quokka, but do no damage.
The bat closely misses you. The quokka completely misses you.
The quokka twitches its whiskers.
The quokka bites you.
You closely miss the bat. Your grab misses the bat. You constrict the quokka.
The bat hits you but does no damage.
A rat comes into view.
The quokka bites you.
* * * LOW HITPOINT WARNING * * *
Unknown command.
You tentacle-slap the bat but do no damage.
Your grab misses the bat. Your squeeze misses the bat.
You constrict the quokka, but do no damage.
The bat closely misses you. The bat hits you.
* * * LOW HITPOINT WARNING * * *
The quokka bites you.
You die...

...> ##.<...#
....... #......#
....... ##.#####
....... #..# .......
## ##..##
.......##.###....#
....r...##..#...##
#.......)....#
#......r@....#
#.........)b....#
............$.......
####............####
#..#.........#
...............#
....##........#..#
.... #........##..#
#......... #.#


You could see a quokka, a bat and a rat.

Vanquished Creatures
  An adder (D:2)
  An ooze (D:1)
  2 giant cockroaches (D:1)
  7 goblins
  3 hobgoblins
  A ball python (D:1)
  7 bats
  A frilled lizard (D:1)
  6 kobolds (D:1)
29 creatures vanquished.

Notes
Turn   | Place    | Note
-------+----------+-------------------------------------------
     0 | D:1      | inc the Octopode Ice Elementalist began the quest for the Orb.
     0 | D:1      | Reached XP level 1. HP: 11/11 MP: 3/3
   299 | D:1      | Reached XP level 2. HP: 17/17 MP: 3/5
   727 | D:1      | Reached skill level 4 in Ice Magic
   825 | D:1      | Reached XP level 3. HP: 21/21 MP: 2/6
  1262 | D:2      | Slain by a quokka

Vault maps used:
D:1:      dpeg_arrival_line_fractal, serial_forest,
          infiniplex_forest_straight_2, infiniplex_forest_corner_1,
          infiniplex_forest_end_2, infiniplex_forest_end_1,
          infiniplex_forest_straight_4, infiniplex_forest_straight_3,
          infiniplex_forest_lined_corner
D:2:      grunt_decor_resistance, kennysheep_cross_room

Skill      XL: |  1  2 |
---------------+-------+-----
Ice Magic      | 4 |  4.5
Dodging        | |  2.0
Stealth        | |  2.6
Spellcasting   | |  2.0
Conjurations   | |  1.0

Action                   || total
-------------------------++-------
Melee: Unarmed           ||    23
       Constrict         ||     8
       Tentacles         ||     3
 Cast: Freeze            ||    34
 Stab: Sleeping          ||     5
  Eat: Chunk             ||     1
Armor: Skin              ||     6
Dodge: Dodged            ||    36

Table legend:
 A = Spawn XP
 B = Non-spawn XP
 C = Spawn XP percentage of total XP
 D = Spawn monster count
 E = Non-spawn monster count
 F = Spawn count percentage of total count
 G = Total turns spent on level
                    A         B        C        D         E        F      G
               +---------+---------+-------+---------+---------+-------+---------
         Total |       0 |      67 |   0.0 |       0 |      29 |   0.0 |  1262
               +---------+---------+-------+---------+---------+-------+---------
           D:1 |       0 |      45 |   0.0 |       0 |      23 |   0.0 |  1221
           D:2 |       0 |      22 |   0.0 |       0 |       6 |   0.0 |    41
               +---------+---------+-------+---------+---------+-------+---------
